 Dungeon Crawl Stone Soup version 0.29-a0-825-g72347fce65 (webtiles) character file.

Game seed: 4662293721867853174

455596 RepoMan the Acrobat (level 22, -1/126 HPs)
             Began as a Spriggan Brigand on July 9, 2022.
             Was the Champion of Jiyva.
             Slain by Zero's ghost (64 damage)
             ... on level 3 of the Swamp on July 11, 2022.
             The game lasted 09:49:21 (58409 turns).

RepoMan the Acrobat (Spriggan Brigand)             Turns: 58409, Time: 09:49:25

Health: -1/126     AC: 21    Str: 23    XL:     22   Next: 98%
Magic:  35/35      EV: 41    Int: 12    God:    Jiyva [******]
Gold:   1818       SH: 15    Dex: 33    Spells: 21/37 levels left

rFire   + . .      SeeInvis +   g - +8 demon blade "Leech" {vamp, Harm Drain rN+}
rCold   + . .      Faith    .   b - +0 buckler of the Scribe {rCorr Slay+2}
rNeg    + + .      Spirit   .   y - +10 storm dragon scales {Bai Suzhen}
rPois   +          Reflect  +   e - +2 hat {Stlth+}
rElec   +          Harm     +   Q - scarf {rC+ rF+}
rCorr   +          Rampage  .   (gloves unavailable)
Will    ++++.                   (boots unavailable)
Stlth   ++++++++++              J - amulet of Arrival {Reflect Harm rN+ Str+10 SH+5}
HPRegen 1.91/turn               t - ring "Lohiram" {rCorr Dex+9}
MPRegen 0.74/turn               l - ring "Voywumos" {rPois Will+ Str+2 Dex-2}

@: very slightly contaminated, studying 2 skills, very quick
A: very small, no large weapons, unfitting armour, see invisible, speed 3,
camouflage 3, strong 1, gelatinous body 2, pseudopods 2, engulf
}: 3/15 runes: decaying, slimy, gossamer
a: Renounce Religion, Oozemancy, Slimify


You were on level 3 of the Swamp.
You worshipped Jiyva.
Jiyva was exalted by your worship.
You visited 10 branches of the dungeon, and saw 47 of its levels.
You also visited: Bailey, Gauntlet and Ice Cave.

You collected 5733 gold pieces.
You spent 3915 gold pieces at shops.

Inventory:

Hand Weapons
 g - the +8 demon blade "Leech" (weapon) {vamp, Harm Drain rN+}
   (You bought it in a shop on level 9 of the Dungeon)

   It heals its wielder for a portion of the damage dealt every time it strikes
   a living foe.
   rN:        It protects you from negative energy.
   Drain:     It drains your maximum health when unequipped.
   Harm:      It increases damage dealt and taken.
 s - the +8 scimitar "Qaeppol" {vorpal, rF+ Int+4}
   (You found it on level 7 of the Dungeon)

   It inflicts extra damage upon your enemies.
   Int:       It affects your intelligence (+4).
   rF:        It protects you from fire.
 v - a +3 dagger of venom
 z - a +9 vorpal double sword
Missiles
 D - 4 silver boomerangs (quivered)
 N - 6 datura-tipped darts
 T - 4 atropa-tipped darts
Armour
 b - the +0 buckler of the Scribe (worn) {rCorr Slay+2}
   (You acquired it in an ice cave)

   Slay:      It affects your accuracy & damage with ranged weapons and melee
   (+2).
   rCorr:     It protects you from acid and corrosion.
 e - a +2 hat of stealth (worn)
 h - +6 acid dragon scales
 y - +10 storm dragon scales (worn) {Bai Suzhen}
 Q - a scarf of resistance (worn)
 X - +9 gold dragon scales
Jewellery
 f - a ring of wizardry
 l - the ring "Voywumos" (right hand) {rPois Will+ Str+2 Dex-2}
   (You acquired it in a bailey)

   [ring of willpower]

   Str:       It affects your strength (+2).
   Dex:       It affects your dexterity (-2).
   rPois:     It protects you from poison.
   Will:      It increases your willpower.
 t - the ring "Lohiram" (left hand) {rCorr Dex+9}
   (You found it in a Gauntlet)

   [ring of resist corrosion]

   Dex:       It affects your dexterity (+9).
   rCorr:     It protects you from acid and corrosion.
 u - a ring of protection from cold
 J - the amulet of Arrival (around neck) {Reflect Harm rN+ Str+10 SH+5}
   (You bought it in a shop on level 1 of the Orcish Mines)

   [amulet of reflection]

   It reflects blocked missile attacks.
   Str:       It affects your strength (+10).
   rN:        It protects you from negative energy.
   SH:        It affects your SH (+5).
   Harm:      It increases damage dealt and taken.
 Y - a ring of protection from fire
Wands
 a - a wand of flame (16)
 F - a wand of light (4)
 H - a wand of digging (1)
 S - a wand of roots (6)
 U - a wand of mindburst (8)
 V - a wand of paralysis (13)
Scrolls
 c - a scroll of brand weapon
 j - 8 scrolls of vulnerability
 k - 2 scrolls of immolation
 w - 2 scrolls of magic mapping
 A - 5 scrolls of enchant armour
 E - 5 scrolls of teleportation
 I - a scroll of fog
 K - 7 scrolls of enchant weapon
 L - a scroll of poison
Potions
 d - a potion of heal wounds
 i - 7 potions of resistance
 m - 8 potions of brilliance
 o - 3 potions of flight
 p - 5 potions of cancellation
 q - 9 potions of ambrosia
 r - a potion of berserk rage
 x - 13 potions of curing
 B - 5 potions of lignification
 C - a potion of haste
 G - 3 potions of magic
 M - 12 potions of mutation
 P - a potion of might
Miscellaneous
 n - a phial of floods
 O - a lightning rod (1/4)
 R - a phantom mirror
 W - a box of beasts
 Z - a tin of tremorstones (inert)


   Skills:
 + Level 17.1 Fighting
 - Level 20.0(21.7) Short Blades
 * Level 11.6(15.1) Long Blades
 - Level 10.0 Throwing
 - Level 6.0 Armour
 + Level 23.4 Dodging
 - Level 20.3 Stealth
 - Level 6.0 Shields
 - Level 8.0 Spellcasting
 - Level 12.0 Hexes
 + Level 2.7 Summonings
 - Level 8.0 Translocations
 + Level 14.9 Evocations


You had 21 spell levels left.
You knew the following spells:

 Your Spells              Type           Power      Damage    Failure   Level
b - Blink                 Tloc           48%        N/A       11%         2
g - Apportation           Tloc           48%        N/A       7%          1
p - Portal Projectile     Hex/Tloc       56%        N/A       10%         3
t - Tukima's Dance        Hex            33%        N/A       4%          3
F - Cause Fear            Hex            16%        N/A       14%         4
G - Summon Guardian Gole  Hex/Summ       22%        N/A       28%         3

Your spell library contained the following spells:

 Spells                   Type           Power      Damage    Failure   Level
 Lesser Beckoning         Tloc           24%        N/A       22%         3
 Ensorcelled Hibernation  Hex/Ice        38%        N/A       24%         2
 Dazzling Flash           Conj/Hex       38%        N/A       43%         3
 Summon Small Mammal      Summ           44%        N/A       52%         1
 Passage of Golubria      Tloc           24%        N/A       56%         4
 Call Imp                 Summ           11%        N/A       67%         2
 Fulminant Prism          Conj/Hex       9%         3d7       85%         4
 Leda's Liquefaction      Hex/Erth       9%         N/A       85%         4
 Beastly Appendage        Tmut           8%         N/A       88%         1
 Foxfire                  Conj/Fire      16%        2x1d4     88%         1
 Freeze                   Ice            16%        1d4       88%         1
 Magic Dart               Conj           16%        1d3       88%         1
 Necrotise                Necr           16%        1d4       88%         1
 Sandblast                Erth           8%         2d5       88%         1
 Shock                    Conj/Air       16%        1d4       88%         1
 Call Canine Familiar     Summ           11%        N/A       88%         3
 Manifold Assault         Tloc           24%        N/A       89%         5
 Summon Mana Viper        Hex/Summ       22%        N/A       95%         5
 Passwall                 Tmut/Erth      3%         N/A       96%         2
 Scorch                   Fire           8%         2d5       96%         2
 Searing Ray              Conj           8%         2d4       96%         2
 Wereblood                Tmut           4%         N/A       96%         2
 Frozen Ramparts          Ice            8%         1d2       99%         3
 Ignite Poison            Fire/Tmut/Pois 4%         N/A       99%         3
 Mephitic Cloud           Conj/Pois/Air  4%         N/A       99%         3
 Ozocubu's Armour         Ice            4%         N/A       99%         3
 Spider Form              Tmut/Pois      4%         N/A       99%         3
 Stone Arrow              Conj/Erth      8%         3d7       99%         3
 Swiftness                Air            4%         N/A       99%         3
 Summon Forest            Summ/Tloc      8%         N/A       99%         5
 Yara's Violent Unravell  Hex/Tmut       9%         3d6       99%         5
 Airstrike                Air            2%         0-2+      100%        4
 Flame Wave               Conj/Fire      4%         2d5       100%        4
 Hailstorm                Conj/Ice       4%         3d4       100%        4
 Sticky Flame             Conj/Fire      4%         2d3       100%        4
 Summon Ice Beast         Ice/Summ       8%         N/A       100%        4
 Summon Lightning Spire   Summ/Air       8%         N/A       100%        4
 Alistair's Intoxication  Tmut/Pois      2%         N/A       100%        5
 Blade Hands              Tmut           2%         N/A       100%        5
 Freezing Cloud           Conj/Ice/Air   2%         6-21      100%        5
 Irradiate                Conj/Tmut      2%         3d14      100%        5
 Lee's Rapid Deconstruct  Erth           2%         3d5*      100%        5
 Lightning Bolt           Conj/Air       2%         1d13      100%        5
 Conjure Ball Lightning   Conj/Air       2%         3x3d6     100%        6
 Eringya's Noxious Bog    Tmut/Pois      2%         N/A       100%        6
 Iron Shot                Conj/Erth      2%         9d2       100%        6
 Statue Form              Tmut/Erth      2%         N/A       100%        6
 Summon Cactus Giant      Summ           5%         N/A       100%        6
 Dragon Form              Tmut           2%         N/A       100%        7
 Malign Gateway           Summ/Tloc      8%         N/A       100%        7
 Monstrous Menagerie      Summ           5%         N/A       100%        7
 Ozocubu's Refrigeration  Ice            2%         4d5       100%        7
 Spellforged Servitor     Conj/Summ      4%         N/A       100%        7
 Discord                  Hex            16%        N/A       100%        8
 Disjunction              Tloc           12%        N/A       100%        8
 Lehudib's Crystal Spear  Conj/Erth      2%         10d2      100%        8
 Summon Horrible Things   Summ           5%         N/A       100%        8
 Dragon's Call            Summ           5%         N/A       100%        9
 Fire Storm               Conj/Fire      2%         8d1       100%        9
 Polar Vortex             Ice            2%         N/A       100%        9


Dungeon Overview and Level Annotations

Branches:
Dungeon (15/15)            Temple (1/1) D:7            Lair (6/6) D:11
  Swamp (4/4) Lair:2       Spider (4/4) Lair:3        Slime (5/5) Lair:5
    Orc (2/2) D:11            Elf (3/3) Orc:2        Vaults (4/5) D:13
  Crypt (0/3) Vaults:2     Depths (3/4) D:15         Bailey (visited)
  IceCv (visited)         Gauntlet (visited)

Altars:
Ashenzari
Cheibriados
Dithmenos
Elyvilon
Fedhas
Gozag
Hepliaklqana
Kikubaaqudgha
Makhleb
Nemelex Xobeh
Okawaru
Qazlal
Ru
Sif Muna
Trog
Uskayaw
Vehumet
Wu Jian
Xom
Yredelemnul
Zin
The Shining One
Jiyva

Shops:
D:7 :   D:9 *   D:10 :   Orc:1 =   Orc:2 (??*[   Elf:1 =:=   Elf:2 :
Vaults:1 (

Portals:
Hell: Depths:1 Depths:2 Depths:3
Abyss: Swamp:1
Pandemonium: Depths:2
Ziggurat: Depths:1

Annotations:
Swamp:3 1 transporter, Zero's ghost, adept OgIE
Spider:1 exclusion: downstairs
Spider:3 2 transporters
Spider:4 1 runed translucent door, RichitheSlayer's ghost, adept MiFi
Slime:5 Royal Jelly
Elf:2 3 runed translucent doors
Elf:3 PentaManta's ghost, adept SpHu; thirstyecho's ghost, adept OpCK
Depths:1 1 transporter
Depths:3 Grunn


Innate Abilities, Weirdness & Mutations

You are very small and have problems with some larger weapons.
You are too small for most types of armour.
You have supernaturally acute eyesight. (SInv)
You cover ground extremely quickly. (Speed+++)
Your skin perfectly mimics your surroundings (Stealth+++).
Your muscles are strong. (Str +4, Int/Dex -1)
Your pliable body absorbs attacks. (AC +2, EV +2)
Armour fits poorly on your large pseudopods.
Your melee attacks may engulf your foes in ooze.


Message History

You slice Zero's ghost!!
You bludgeon Zero's ghost, but do no damage.
Zero's ghost is almost destroyed.
Zero's ghost freezes you.
You are frozen!
You resist.
Press: ? - help, v - describe, . - travel
Here: Zero's ghost, wielding a vorpal weapon (spectral mist, almost destroyed)
The floor.
You closely miss the tyrant leech.
Zero's ghost points at you and mumbles some strange words.
The bolt of lightning misses you.
Unknown command.
You slash the tyrant leech!
You feel better.
Your bludgeon misses the tyrant leech.
The tyrant leech is lightly wounded.
The tyrant leech closely misses you.
Unknown command.
You slash the tyrant leech!
You feel better.
The tyrant leech is heavily wounded.
Zero's ghost completely misses you. You block the tyrant leech's attack.
Unknown command.
You chop the tyrant leech into pieces!!!
You feel better.
You kill the tyrant leech!
Zero's ghost gestures wildly while chanting.
Zero's ghost erupts in a fountain of uncontrolled magic!
You are blasted with magical radiation!!!
You shudder from the blow and a jelly pops out!
You are very lightly contaminated with residual magic.
Unknown command.
You hit Zero's ghost. You bludgeon Zero's ghost.
Zero's ghost is almost destroyed.
Unknown command.
You slash Zero's ghost!
Zero's ghost is almost destroyed.
Zero's ghost casts a spell.
Zero's ghost erupts in a fountain of uncontrolled magic!
You are blasted with magical radiation!!!
Ouch! That really hurt!
You die...

♣..............[..♣♣♣♣..≈≈
♣........©........♣♣≈≈≈.≈.
♣..#############.....≈§.≈♣
♣..#©..........#..≈≈.≈.♣♣♣
♣..#...†$°†....#..≈≈..♣♣
♣..#..##...##..#..≈.♣♣♣♣
♣..#..#8...8#..#..♣.≈.≈♣♣♣
♣..#..##.W.##..#..♣.≈≈≈♣♣≈
♣..#.....@†....#..♣§≈≈.♣♣♣
♣..#..##.J.##$.#..♣.§≈.♣≈♣
♣..#..#8...8#..#..♣♣♣..♣..
♣♣..#..##...##..#..≈...♣♣≈.
♣...#...........#....≈≈≈≈..
♣§..#...?$??/$n.#...≈≈≈≈≈..
♣♣..#############..≈.≈≈≈§..
♣........©....)...≈.≈.....
♣.................♣......§


You could see Zero's ghost (ally target) and a friendly azure jelly (summoned).

Vanquished Creatures
  Mara (Spider:4)
  Frederick (Vaults:2)
  A golden dragon (Depths:3)
  A caustic shrike (Depths:2)
  Nikola (Depths:1)
  A bone dragon (Vaults:2)
  2 Tzitzimimeh (Depths:3)
  3 tentacled monstrosities
  3 liches (Depths:2)
  Rupert (Lair:3)
  Asterion (Vaults:1)
  Jorgrun (D:15)
  Mlioglotl (Spider:2)
  4 deep elf blademasters (Elf:3)
  2 deep elf master archers (Elf:3)
  A tentacled starspawn (Swamp:1)
  An acid blob (Elf:2)
  Kirke (Lair:6)
  Agnes (Spider:3)
  The ghost of gabibbone the Warrior, a journeyman OgIE of Vehumet (Swamp:1)
  Gastronok (D:9)
  A tengu reaver (Depths:1)
  A thorn hunter (Swamp:4)
  4 sphinxes
  A fenstrider witch (Swamp:2)
  A fire giant (Depths:2)
  3 frost giants
  An azure jelly (Elf:2)
  Donald (Spider:2)
  4 emperor scorpions
  4 deep elf sorcerers
  15 vault wardens
  2 balrugs
  2 deep elf elementalists (Elf:3)
  2 orc warlords
  8 ghost moths
  Aizul (Elf:1)
  The ghost of Querens the Protected, a journeyman MeFi of Okawaru (Lair:1)
  15 ironbound preservers
  3 quicksilver oozes (Elf:2)
  7 ironbound thunderhulks
  7 broodmothers
  6 vampire knights
  11 stone giants
  5 very ugly things
  2 war gargoyles
  16 dire elephants
  3 eleionomae (Swamp:3)
  A deep elf demonologist (Elf:3)
  Azrael (Orc:2)
  A minotaur (Gauntlet)
  14 deep elf annihilators (Elf:3)
  A spark wasp (Spider:3)
  A bunyip (Swamp:3)
  5 entropy weavers
  A putrid mouth (Depths:3)
  The ghost of Ryse the Spear-Bearer, a journeyman NaFi of Cheibriados (D:12)
  An eidolon (Depths:2)
  7 deep elf death magi
  4 ettins
  9 deep elf high priests (Elf:3)
  5 fire dragons
  A crystal guardian (Swamp:1)
  2 green deaths (Swamp:4)
  7 yaktaur captains
  A rakshasa (Depths:3)
  2 ice dragons
  12 boulder beetles
  12 vault guards
  2 ogre magi (Depths:2)
  23 hydras
  3 peacekeepers
  6 ironbound frosthearts
  3 two-headed ogres
  3 centaur warriors
  6 radroaches
  A jorogumo (Spider:4)
  5 ghost crabs
  2 tengu warriors (D:15)
  3 death yaks (IceCv)
  12 alligators
  A death knight (D:10)
  13 dancing weapons
  2 spriggan berserkers (Depths:2)
  The ghost of lurch the Lord of Darkness, a journeyman VSNe of Kikubaaqudgha (D:10)
  A deep troll shaman (Depths:3)
  3 deep troll earth magi (Depths:2)
  7 orc high priests
  2 shock serpents (Depths:2)
  3 hell knights (Depths:2)
  2 thrashing horrors
  A sun demon (Depths:3)
  A fire crab (Depths:2)
  11 deep elf knights
  7 pharaoh ants
  4 sun moths
  4 skeletal warriors (D:11)
  A wretched star (Gauntlet)
  3 goliath frogs
  50 deep trolls
  7 spriggan druids
  A sphinx zombie (Vaults:4)
  6 orb spiders
  8 wizards
  9 bog bodies
  7 deep elf archers
  A lindwurm (Depths:2)
  5 orc knights
  6 necromancers
  3 steelbarb worms
  5 swamp dragons
  29 deep elf pyromancers
  28 deep elf zephyrmancers
  16 wolf spiders
  6 harpies
  A human zombie (Vaults:3)
  A fire giant zombie (Depths:1)
  18 ironbound convokers
  3 cyclopes
  29 ugly things
  2 salamanders
  4 orc sorcerers
  2 will-o-the-wisps
  2 worldbinders (Depths:2)
  An oklob plant (Gauntlet)
  16 elephants
  A shining eye (Elf:2)
  3 moths of wrath
  12 manticores
  4 black mambas
  An apocalypse crab (Swamp:1)
  A black mamba (shapeshifter) (D:13)
  2 molten gargoyles (Depths:2)
  12 vault sentinels
  2 naga magi (Depths:2)
  2 ice statues
  2 orange demons (Swamp:4)
  2 unseen horrors
  18 cane toads
  17 demonic crawlers
  6 gargoyles
  3 torpor snails
  3 rime drakes
  2 kobold demonologists (D:12)
  36 yaktaurs
  A tengu conjurer (Depths:2)
  6 komodo dragons
  4 ice devils
  An efreet (D:13)
  A queen bee (Lair:1)
  A hellwing (Depths:2)
  3 bloated husks (Swamp:3)
  13 meliai
  A meliai (shapeshifter) (D:12)
  A large abomination (Swamp:4)
  2 tengu simulacra
  14 hornets
  5 trolls
  23 tarantellas
  14 tyrant leeches
  14 polar bears
  A sphinx simulacrum (Vaults:3)
  18 slime creatures
  A tarantella (shapeshifter) (Depths:2)
  4 raiju
  17 dream sheep
  A frost giant simulacrum (Vaults:3)
  An ettin zombie (Vaults:3)
  30 blink frogs
  A jumping spider (shapeshifter) (D:15)
  36 jumping spiders
  25 culicivoras
  5 air elementals
  13 spriggans
  2 shadows
  A vampire (D:9)
  4 wyverns
  An elf zombie (Vaults:4)
  6 hogs
  16 humans (D:13)
  4 water elementals
  2 golden eyes (Spider:2)
  78 yaks
  8 basilisks
  7 fire elementals
  2 steam dragons
  22 vampire mosquitoes
  A redback (shapeshifter) (Elf:3)
  2 acid dragons
  A neqoxec (Depths:2)
  2 wargs
  A harpy simulacrum (Depths:2)
  46 redbacks
  19 swamp worms
  A hydra simulacrum (Swamp:3)
  A glowing shapeshifter zombie (Depths:1)
  5 hell hounds
  15 water moccasins
  3 ice beasts
  A tengu skeleton (Depths:1)
  2 swamp drakes
  3 black bears
  34 orc warriors
  An elf simulacrum (Vaults:4)
  9 ogres
  2 sky beasts (Depths:2)
  9 centaurs
  5 boggarts
  2 human skeletons
  21 wolves
  A phantom (D:5)
  4 kobold brigands
  14 bullfrogs
  A gnoll sergeant (D:11)
  4 scorpions
  2 necrophages
  3 earth elementals
  8 wights
  10 killer bees
  A vampire bat (D:9)
  7 electric eels
  6 howler monkeys
  2 lava snakes (Depths:2)
  2 hounds
  3 jellies
  31 orc priests
  2 gnoll boudas (Orc:1)
  An iguana (D:6)
  28 orc wizards
  A hell rat (Lair:6)
  4 lightning spires (Depths:2)
  2 small abominations
  20 gnolls
  A naga simulacrum (Depths:2)
  7 river rats (Lair:6)
  7 adders
  2 shadow imps
  3 white imps
  An ufetubus (D:5)
  A worm (D:2)
  2 dart slugs
  58 orcs
  5 ball pythons
  6 endoplasms
  3 giant cockroaches
  14 goblins
  11 hobgoblins
  5 jackals
  15 kobolds
  3 quokkas
  14 bats
  2 frilled lizards
  6 rats
  6 briar patches (Swamp:2)
  A butterfly (Lair:5)
1703 creatures vanquished.

Vanquished Creatures (collateral kills)
  Parghit (Depths:3)
  Bai Suzhen (Spider:4)
  An emperor scorpion (Spider:4)
  A vault warden (Vaults:2)
  Louise (Spider:4)
  A broodmother (Spider:3)
  A deep elf high priest (Elf:3)
  A rakshasa (Depths:3)
  Erolcha (Orc:2)
  An ice dragon (Depths:3)
  3 hydras
  A deep elf knight (Elf:3)
  A sun demon (Depths:3)
  A sun moth (Spider:4)
  A human zombie (Vaults:3)
  2 wolf spiders
  2 yaktaurs (Vaults:3)
  A kobold demonologist (Bailey)
  An efreet (D:11)
  A tarantella (Spider:3)
  A culicivora (Spider:4)
  2 yaks (D:11)
  A human (D:13)
  2 redbacks (Spider:4)
  An orc warrior (Bailey)
  3 orc priests
  A jelly (D:7)
  4 orc wizards
  2 gnolls (D:6)
  An adder (D:6)
  4 orcs
  A kobold (D:4)
  A rat (D:2)
48 creatures vanquished.

Vanquished Creatures (others)
  The ghost of sefie the Peltast, an adept DgAE (Elf:2)
  2 azure jellies (Depths:2)
  An ironbound preserver (Vaults:2)
  A very ugly thing (Swamp:4)
  A deep elf demonologist (Elf:3)
  8 great orbs of eyes
  3 hydras
  A fire dragon (Depths:3)
  A deep elf knight (Elf:1)
  A goliath frog (Swamp:2)
  3 swamp dragons
  An orb spider (shapeshifter) (Depths:2)
  3 glowing orange brains
  A bog body (Swamp:3)
  A harpy (Vaults:2)
  A deep elf zephyrmancer (Elf:1)
  A deep elf pyromancer (Elf:2)
  2 ugly things (Swamp:4)
  A will-o-the-wisp (Swamp:4)
  An orc sorcerer (Orc:2)
  6 vault sentinels
  An orange demon (Swamp:4)
  An ice statue (Depths:2)
  5 yaktaurs
  2 bloated husks
  A tyrant leech (Swamp:2)
  A polar bear (IceCv)
  5 hornets
  26 slime creatures
  A tarantella (Spider:4)
  6 spriggans
  A yak (D:11)
  2 golden eyes (Depths:2)
  2 harpy simulacra (Depths:2)
  A floating eye (Depths:2)
  A black mamba simulacrum (Depths:2)
  2 wolves (IceCv)
  2 centaurs
  An elephant simulacrum (Depths:2)
  48 jellies
  A troll simulacrum (Depths:2)
  A gnoll (D:6)
  A naga simulacrum (Depths:2)
  2 goblins
  A hobgoblin (Bailey)
  A kobold (D:4)
  2 ball lightnings (Depths:2)
  A briar patch (Swamp:4)
  8 foxfires (Swamp:4)
  45 fungi
  113 plants
  2 starspawn tentacles (Swamp:1)
  A withered plant (Depths:3)
329 creatures vanquished.

Grand Total: 2080 creatures vanquished

Notes
Turn   | Place    | Note
-------+----------+-------------------------------------------
     0 | D:1      | RepoMan the Spriggan Brigand began the quest for the Orb.
     0 | D:1      | Reached XP level 1. HP: 10/10 MP: 2/2
   248 | D:1      | Reached XP level 2. HP: 14/14 MP: 3/3
   857 | D:1      | Reached XP level 3. HP: 18/18 MP: 4/4
  1196 | D:2      | Found a faded altar of an unknown god.
  1779 | D:3      | You fall into a shaft and drop 2 floors!
  1779 | D:5      | Entered Level 5 of the Dungeon
  2106 | D:3      | Reached XP level 4. HP: 22/22 MP: 5/5
  2560 | D:4      | Noticed a scorpion
  2587 | D:4      | Killed a scorpion
  2588 | D:4      | Reached XP level 5. HP: 25/25 MP: 6/6
  2685 | D:4      | Noticed a centaur
  2697 | D:4      | Killed a centaur
  2698 | D:4      | Reached skill level 5 in Short Blades
  2798 | D:4      | Reached XP level 6. HP: 30/30 MP: 7/7
  2853 | D:5      | Noticed a water moccasin
  3169 | D:5      | Found a large runed translucent door.
  3169 | D:5      | Found a large runed translucent door.
  3371 | D:6      | Noticed an ice beast
  3444 | D:6      | Killed an ice beast
  3445 | D:6      | Reached XP level 7. HP: 33/33 MP: 8/8
  3599 | D:6      | Reached skill level 2 in Dodging
  3831 | D:6      | Reached skill level 3 in Dodging
  3831 | D:6      | Reached XP level 8. HP: 39/39 MP: 9/9
  4455 | D:7      | Reached skill level 5 in Throwing
  4548 | D:7      | Found Udeuhurcho's Vocational Training.
  4615 | D:7      | Reached skill level 4 in Dodging
  4620 | D:7      | Found a broken altar of Ashenzari.
  4745 | D:7      | Found a flagged portal.
  4796 | D:7      | Identified the +8 scimitar "Qaeppol" {vorpal, rF+ Int+4}
  4807 | Bailey   | Entered a bailey
  4988 | Bailey   | Noticed a kobold demonologist
  4994 | Bailey   | Reached skill level 10 in Stealth
  4999 | Bailey   | Killed a kobold demonologist
  5000 | Bailey   | Reached skill level 5 in Dodging
  5000 | Bailey   | Reached XP level 9. HP: 44/44 MP: 10/10
  5091 | Bailey   | Acquired the ring "Voywumos" {rPois Will+ Str+2 Dex-2}
  5158 | Bailey   | Identified the +3 battleaxe of Descent {freeze, rC+ rCorr}
  5252 | Bailey   | Noticed an orc knight
  5256 | Bailey   | Killed an orc knight
  5257 | Bailey   | Reached skill level 6 in Dodging
  5291 | Bailey   | Noticed an orc high priest
  5303 | Bailey   | Killed an orc high priest
  5304 | Bailey   | Reached skill level 10 in Short Blades
  5319 | Bailey   | Found an iron altar of Okawaru.
  5734 | D:7      | Reached XP level 10. HP: 28/51 MP: 11/11
  5986 | D:7      | Found a staircase to the Ecumenical Temple.
  6000 | Temple   | Entered the Ecumenical Temple
  6000 | Temple   | Found a transporter.
  6000 | Temple   | Found a transporter.
  6002 | Temple   | Found a transporter.
  6002 | Temple   | Found a transporter.
  6171 | D:7      | Noticed a gargoyle
  6178 | D:7      | Killed a gargoyle
  6179 | D:7      | Reached skill level 7 in Dodging
  6184 | D:7      | Noticed a gargoyle
  6191 | D:7      | Killed a gargoyle
  6205 | D:7      | Noticed a gargoyle
  6207 | D:7      | Killed a gargoyle
  6223 | D:7      | Noticed a gargoyle
  6226 | D:7      | Killed a gargoyle
  6227 | D:7      | Reached skill level 5 in Fighting
  6471 | D:8      | Got the Lectures on Hexes and the Quarry
  6780 | D:8      | Identified the +0 chain mail of Kuthryn {Harm rPois Will-
                  | Stlth+}
  7047 | D:9      | Reached skill level 1 in Evocations
  7132 | D:9      | Reached skill level 8 in Dodging
  7295 | D:9      | Found Pirgh's Assorted Antiques.
  7597 | D:9      | Noticed Gastronok
  7963 | D:10     | Entered Level 10 of the Dungeon
  8007 | D:10     | Found a transporter.
  8008 | D:10     | Found a transporter.
  8008 | D:10     | Noticed lurch's ghost (journeyman VSNe)
  8008 | D:10     | Noticed a centaur warrior
  8028 | D:10     | Noticed a two-headed ogre
  8049 | D:10     | Killed a two-headed ogre
  8050 | D:10     | Reached XP level 11. HP: 56/56 MP: 12/12
  8377 | D:10     | Noticed a four-headed hydra
  8545 | D:10     | Found Vuntyid's Tremendous Tomes.
  8583 | D:10     | Noticed a skeletal warrior
  8680 | D:10     | Noticed a death knight
  8710 | D:10     | Killed a death knight
  8713 | D:10     | Noticed a skeletal warrior
  8899 | D:11     | Acquired a manual of Short Blades
  8913 | D:11     | Found a staircase to the Lair.
  8935 | D:11     | Noticed a five-headed hydra
  8943 | D:11     | Reached skill level 9 in Dodging
  9056 | D:11     | Noticed a skeletal warrior
  9057 | D:11     | Noticed a skeletal warrior
  9092 | D:11     | Noticed a boulder beetle
  9096 | D:11     | Killed a boulder beetle
  9122 | D:11     | Found a staircase to the Orcish Mines.
  9168 | D:11     | Noticed a boulder beetle
  9188 | D:11     | Killed a boulder beetle
  9369 | D:11     | Noticed a skeletal warrior
  9369 | D:11     | Noticed a skeletal warrior
  9373 | D:11     | Noticed a skeletal warrior
  9380 | D:11     | Killed a skeletal warrior
  9381 | D:11     | Reached skill level 5 in Evocations
  9394 | D:11     | Killed a skeletal warrior
  9395 | D:11     | Reached skill level 1 in Shields
  9422 | D:11     | Killed a skeletal warrior
  9659 | D:11     | Killed a five-headed hydra
  9707 | Lair:1   | Entered Level 1 of the Lair of Beasts
  9924 | Lair:1   | Learned a level 3 spell: Summon Guardian Golem
  9928 | Lair:1   | Learned a level 3 spell: Tukima's Dance
  9933 | Lair:1   | Learned a level 4 spell: Cause Fear
  9987 | Lair:1   | Reached XP level 12. HP: 62/62 MP: 13/13
 10024 | Lair:1   | Found a transporter.
 10024 | Lair:1   | Noticed Querens's ghost (journeyman MeFi)
 10028 | Lair:1   | Found a transporter.
 10128 | Lair:1   | Reached skill level 1 in Spellcasting
 10128 | Lair:1   | Reached skill level 1 in Hexes
 10865 | Lair:2   | Noticed a seven-headed hydra
 10867 | Lair:2   | Killed a seven-headed hydra
 10958 | Lair:2   | Found a staircase to the Swamp.
 11458 | Lair:3   | Reached skill level 15 in Short Blades
 12090 | Lair:3   | Reached XP level 13. HP: 68/68 MP: 20/20
 12374 | Lair:3   | Found a hole to the Spider Nest.
 12801 | Lair:3   | Noticed Rupert
 12820 | Lair:3   | Killed Rupert
 12821 | Lair:3   | Reached skill level 10 in Dodging
 12822 | Lair:3   | Identified the +4 ring mail of the Arena {MP+9 Str-2 Int+3
                  | Dex+4}
 13296 | Lair:3   | Reached skill level 5 in Spellcasting
 13336 | Lair:3   | Reached skill level 5 in Hexes
 15165 | Lair:5   | Found a staircase to the Slime Pits.
 15725 | Lair:6   | Entered Level 6 of the Lair of Beasts
 15779 | Lair:6   | Reached skill level 11 in Dodging
 16499 | Lair:6   | Reached XP level 14. HP: 44/75 MP: 22/22
 17018 | Lair:6   | Reached skill level 5 in Shields
 17203 | Lair:6   | Reached skill level 12 in Dodging
 17204 | Lair:6   | Noticed Kirke
 17219 | Lair:6   | Killed Kirke
 17247 | Lair:6   | Found the +18 shield of the Gong {rElec rN+ Will+ EV-5}
 17270 | Lair:6   | Identified the +3 great sword of Zodiref {vorpal, rC+ SInv}
 17850 | D:12     | Found a runed translucent door.
 17864 | D:12     | Found a shimmering altar of Xom.
 17864 | D:12     | Noticed Ryse's ghost (journeyman NaFi)
 17945 | D:12     | Reached skill level 10 in Fighting
 17958 | D:12     | Reached skill level 1 in Summonings
 18811 | D:13     | Noticed Sonja
 18813 | D:13     | Noticed Sonja
 18813 | D:13     | Sonja changed into Sonja the frilled lizard
 18818 | D:13     | Killed Sonja the frilled lizard
 19296 | D:13     | Reached skill level 15 in Stealth
 19314 | D:13     | Reached skill level 13 in Dodging
 19425 | D:13     | Found a gate to the Vaults.
 19687 | D:13     | Found a transporter.
 19687 | D:13     | Found a transporter.
 19688 | D:13     | Found a transporter.
 19689 | D:13     | Found a transporter.
 19718 | D:13     | Learned a level 3 spell: Portal Projectile
 19986 | D:14     | Reached XP level 15. HP: 81/81 MP: 25/25
 20016 | D:14     | Found a gate leading to a gauntlet.
 20024 | Gauntlet | Entered a Gauntlet
 20024 | Gauntlet | Found a transporter.
 20024 | Gauntlet | Found a transporter.
 20024 | Gauntlet | Found a transporter.
 20037 | Gauntlet | Found a transporter.
 20039 | Gauntlet | Found a transporter.
 20045 | Gauntlet | Found a transporter.
 20049 | Gauntlet | Found a transporter.
 20057 | Gauntlet | Found a transporter.
 20075 | Gauntlet | Found a transporter.
 20079 | Gauntlet | Found a transporter.
 20082 | Gauntlet | Found a transporter.
 20092 | Gauntlet | Found a transporter.
 20345 | Gauntlet | Identified the ring "Lohiram" {rCorr Dex+9}
 20375 | Gauntlet | Identified the +0 plate armour "Remischi" {rC+++ Dex+4}
 20391 | Gauntlet | Reached skill level 1 in Translocations
 20397 | Gauntlet | Identified the +1 leather armour "Ulaen" {rElec}
 20399 | Gauntlet | Reached XP level 16. HP: 86/86 MP: 26/26
 20970 | D:14     | Found an opulent altar of Gozag.
 21125 | D:15     | Entered Level 15 of the Dungeon
 21152 | D:15     | Reached skill level 14 in Dodging
 21394 | D:15     | Found a white marble altar of Elyvilon.
 21417 | D:15     | Noticed Jorgrun
 21420 | D:15     | Killed Jorgrun
 21505 | D:15     | Found a staircase to the Depths.
 21554 | D:15     | Reached skill level 1 in Armour
 22321 | Spider:1 | Entered Level 1 of the Spider Nest
 23449 | Spider:1 | Reached skill level 15 in Dodging
 23496 | Spider:1 | Reached skill level 10 in Hexes
 23940 | Spider:1 | Identified the +8 plate armour "Opygus" {Int+2}
 24439 | Spider:1 | Identified the +4 robe of Foviwk {Harm Str+2 Dex+2 Stlth+}
 24496 | Spider:2 | Noticed Mlioglotl
 24746 | Spider:2 | Found the +4 robe of Folly {Brilliance Will-∞ Int+8}
 24800 | Spider:2 | Reached XP level 17. HP: 93/93 MP: 28/28
 24952 | Spider:2 | Noticed Donald
 24972 | Spider:2 | Killed Donald
 24990 | Spider:2 | Killed Mlioglotl
 25728 | Spider:3 | Found a transporter.
 25728 | Spider:3 | Found a transporter.
 25967 | Spider:3 | Reached skill level 16 in Dodging
 27493 | Spider:3 | Noticed Agnes
 27496 | Spider:3 | Killed Agnes
 27588 | Spider:4 | Entered Level 4 of the Spider Nest
 27714 | Spider:4 | Noticed Mara
 27717 | Spider:4 | Killed Mara
 27726 | Spider:4 | Found a runed translucent door.
 27730 | Spider:4 | Noticed RichitheSlayer's ghost (adept MiFi)
 27748 | Spider:4 | Noticed Bai Suzhen
 27760 | Spider:4 | Killed Bai Suzhen
 27760 | Spider:4 | Noticed Louise
 27774 | Spider:4 | Killed Louise
 28437 | Spider:4 | Identified the +9 hand axe "Orb Guardian's Foe" {vorpal,
                  | Dex+4}
 28736 | Spider:4 | Reached skill level 17 in Dodging
 29379 | Spider:4 | Reached XP level 18. HP: 86/99 MP: 29/29
 29816 | Spider:4 | Reached skill level 10 in Evocations
 30076 | Spider:4 | Got a gossamer rune of Zot
 30395 | D:9      | Killed Gastronok
 30539 | Swamp:1  | Entered Level 1 of the Swamp
 30620 | Swamp:1  | Found a transporter.
 30637 | Swamp:1  | Found a one-way gate to the infinite horrors of the Abyss.
 30637 | Swamp:1  | Noticed gabibbone's ghost (journeyman OgIE)
 30683 | Swamp:1  | Found a transporter.
 32005 | Swamp:2  | Found a transporter.
 32026 | Swamp:2  | Noticed a tentacled monstrosity
 32136 | Swamp:2  | Killed a tentacled monstrosity
 32855 | Swamp:2  | Found a transporter.
 33122 | Swamp:3  | Found a transporter.
 33132 | Swamp:3  | Reached skill level 18 in Dodging
 33214 | Swamp:3  | Reached skill level 10 in Throwing
 33737 | Swamp:3  | Noticed Zero's ghost (adept OgIE)
 33742 | Swamp:3  | Found a transporter.
 34243 | Swamp:4  | Entered Level 4 of the Swamp
 35924 | Swamp:4  | Noticed a tentacled monstrosity
 36054 | Swamp:4  | Killed a tentacled monstrosity
 36055 | Swamp:4  | Reached skill level 19 in Dodging
 36118 | Swamp:4  | Reached XP level 19. HP: 87/105 MP: 28/30
 36628 | Swamp:4  | Got a decaying rune of Zot
 36823 | Orc:1    | Entered Level 1 of the Orcish Mines
 36942 | Orc:1    | Found Yceggygh's Jewellery Emporium.
 37036 | Orc:1    | Found a frozen archway.
 37048 | IceCv    | Entered an ice cave
 37362 | IceCv    | Acquired the +0 buckler of the Scribe {rCorr Slay+2}
 38217 | Orc:2    | Entered Level 2 of the Orcish Mines
 38305 | Orc:2    | Found a staircase to the Elven Halls.
 38307 | Orc:2    | Found Vitueli's Antique Weapon Boutique.
 38402 | Orc:2    | Noticed Erolcha
 38427 | Orc:2    | Killed Erolcha
 38461 | Orc:2    | Noticed Azrael
 38483 | Orc:2    | Killed Azrael
 38775 | Orc:2    | Noticed Nessos
 38776 | Orc:2    | Noticed Nessos
 38776 | Orc:2    | Nessos changed into Nessos the manticore
 38792 | Orc:2    | Killed Nessos the manticore
 39421 | Orc:2    | Found Powul's Magic Scroll Emporium.
 39421 | Orc:2    | Found Punnosi's Assorted Antiques.
 39424 | Orc:2    | Found Imabir's Magic Scroll Emporium.
 39424 | Orc:2    | Found Xayzeq's Armour Shoppe.
 39457 | Orc:2    | Bought a potion of curing for 99 gold pieces
 39457 | Orc:2    | Bought a potion of curing for 99 gold pieces
 39459 | Orc:2    | Bought a scroll of fog for 22 gold pieces
 39459 | Orc:2    | Bought a scroll of enchant armour for 82 gold pieces
 39459 | Orc:2    | Bought a scroll of poison for 38 gold pieces
 39460 | Orc:2    | Bought a scroll of enchant armour for 97 gold pieces
 39460 | Orc:2    | Bought 3 scrolls of poison for 136 gold pieces
 39460 | Orc:2    | Bought a scroll of poison for 45 gold pieces
 39460 | Orc:2    | Bought a scroll of enchant armour for 97 gold pieces
 39460 | Orc:2    | Bought a scroll of enchant armour for 97 gold pieces
 39604 | Orc:1    | Bought the amulet of Arrival {Reflect Harm rN+ Str+10 SH+5}
                  | for 746 gold pieces
 39682 | Elf:1    | Entered Level 1 of the Elven Halls
 40261 | Elf:1    | Reached skill level 20 in Dodging
 40711 | Elf:1    | Noticed Aizul
 40740 | Elf:1    | Killed Aizul
 40750 | Elf:1    | Found Viagear's Book Shoppe.
 40785 | Elf:1    | Found Qoudufe's Jewellery Shop.
 40788 | Elf:1    | Found Keotzano's Jewellery Shop.
 41251 | Elf:1    | Got the Cyclopedia of Bolts and the Entourage
 41391 | Elf:2    | Found Anaxzyl's Book Shop.
 41402 | Elf:2    | Bought a book of Spatial Translocations for 364 gold pieces
 41406 | Elf:2    | Learned a level 2 spell: Blink
 41893 | Elf:2    | Found a runed translucent gate.
 41893 | Elf:2    | Found a runed translucent gate.
 41893 | Elf:2    | Found a runed translucent gate.
 41902 | Elf:2    | Found a viscous altar of Jiyva.
 41902 | Elf:2    | Noticed sefie's ghost (adept DgAE)
 42148 | Elf:2    | Found a runed translucent gate.
 42148 | Elf:2    | Found a runed translucent gate.
 42148 | Elf:2    | Found a runed translucent gate.
 42206 | Elf:3    | Entered Level 3 of the Elven Halls
 42336 | Elf:3    | Found a runed translucent gate.
 42336 | Elf:3    | Found a runed translucent gate.
 42336 | Elf:3    | Found a runed translucent gate.
 42358 | Elf:3    | Noticed thirstyecho's ghost (adept OpCK)
 42358 | Elf:3    | Noticed PentaManta's ghost (adept SpHu)
 42454 | Elf:3    | Paralysed by an air elemental for 1 turns
 42661 | Elf:3    | Reached skill level 5 in Translocations
 43418 | Elf:3    | Reached XP level 20. HP: 112/112 MP: 33/33
 44362 | Elf:3    | Reached skill level 15 in Fighting
 44381 | Elf:3    | Identified the +2 great mace "Juvaephe" {vorpal, rPois
                  | Dex+4}
 45509 | Elf:3    | Reached skill level 21 in Dodging
 45756 | Elf:3    | Reached skill level 5 in Armour
 46247 | Elf:3    | Identified the +1 pair of gloves of the Yeti {rPois rF-
                  | rN+++ Dex+3}
 46283 | Elf:3    | Learned a level 1 spell: Apportation
 46690 | Elf:3    | Identified the amulet "Ybesi" {Spirit rPois rN+ SInv}
 46999 | Elf:2    | Became a worshipper of Jiyva Jybrafea the Shapeless
 47069 | Elf:2    | Killed sefie's ghost
 47270 | Elf:2    | Identified the +9 shortbow of the Mosquito {vorpal, Will++
                  | Str+2}
 47435 | Vaults:1 | Entered Level 1 of the Vaults
 47657 | D:9      | Bought the +8 demon blade "Leech" {vamp, Harm Drain rN+}
                  | for 1993 gold pieces
 47657 | D:9      | Found the +8 demon blade "Leech" {vamp, Harm Drain rN+}
 47998 | Vaults:1 | Reached skill level 1 in Long Blades
 48035 | Vaults:1 | Found Tias's Weapon Shoppe.
 48138 | Vaults:1 | Reached * piety under Jiyva
 48413 | Vaults:1 | Noticed Asterion
 48442 | Vaults:1 | Killed Asterion
 48744 | Vaults:2 | Reached ** piety under Jiyva
 48744 | Vaults:2 | Noticed Frederick
 49050 | Vaults:2 | Reached skill level 22 in Dodging
 49131 | Vaults:2 | You fall into a shaft and drop 1 floor!
 49297 | Vaults:3 | Reached XP level 21. HP: 119/119 MP: 34/34
 49492 | Vaults:3 | Reached skill level 5 in Long Blades
 49888 | Vaults:3 | Reached *** piety under Jiyva
 50528 | Vaults:2 | Gained mutation: Your rubbery body absorbs attacks. (AC +1,
                  | EV +1) [Jiyva's grace]
 50528 | Vaults:2 | Gained mutation: Your pliable body absorbs attacks. (AC +2,
                  | EV +2) [Jiyva's grace]
 50528 | Vaults:2 | Gained mutation: Your gelatinous body deflects attacks. (AC
                  | +3, EV +3) [Jiyva's grace]
 50528 | Vaults:2 | Gained mutation: Your muscles are strong. (Str +4, Int/Dex
                  | -1) [Jiyva's grace]
 50898 | Vaults:2 | Reached **** piety under Jiyva
 50929 | Vaults:2 | Killed Frederick
 51015 | Vaults:2 | Found a staircase to the Crypt.
 52185 | Vaults:4 | Got the Meditations on Unstable Hoarfrost
 52192 | Vaults:4 | Reached ***** piety under Jiyva
 52192 | Vaults:4 | Lost mutation: Your gelatinous body deflects attacks. (AC
                  | +3, EV +3) [Jiyva's grace]
 52192 | Vaults:4 | Lost mutation: Your pliable body absorbs attacks. (AC +2,
                  | EV +2) [Jiyva's grace]
 52192 | Vaults:4 | Gained mutation: Your melee attacks may engulf your foes in
                  | ooze. [Jiyva's grace]
 52192 | Vaults:4 | Gained mutation: Armour fits poorly on your pseudopods.
                  | [Jiyva's grace]
 52192 | Vaults:4 | Gained mutation: Armour fits poorly on your large
                  | pseudopods. [Jiyva's grace]
 52192 | Vaults:4 | Gained mutation: Armour fits poorly on your massive
                  | pseudopods. [Jiyva's grace]
 53035 | Depths:1 | Entered Level 1 of the Depths
 53040 | Depths:1 | Found a one-way gateway to a ziggurat.
 53064 | Depths:1 | Reached XP level 22. HP: 125/125 MP: 35/35
 53128 | Depths:1 | Found a transporter.
 53325 | Depths:1 | Noticed Nikola
 53336 | Depths:1 | Killed Nikola
 53979 | Depths:1 | Found a gateway to Hell.
 54394 | Depths:2 | Upgraded the game from 0.29-a0-824-gd827844252 to
                  | 0.29-a0-825-g72347fce65
 54553 | Depths:2 | Reached skill level 10 in Long Blades
 54584 | Depths:2 | Got the Anthology of Air
 54626 | Depths:2 | Found a one-way gate leading to the halls of Pandemonium.
 54747 | Depths:2 | Got the Almanac of Kindling
 54812 | Depths:2 | Reached ****** piety under Jiyva
 54938 | Depths:2 | Got the Lectures on Congelation
 54973 | Depths:2 | Lost mutation: Armour fits poorly on your massive
                  | pseudopods. [Jiyva's grace]
 54973 | Depths:2 | Gained mutation: Your skin changes colour to match your
                  | surroundings (Stealth+). [Jiyva's grace]
 54973 | Depths:2 | Gained mutation: Your skin blends seamlessly with your
                  | surroundings (Stealth++). [Jiyva's grace]
 54973 | Depths:2 | Gained mutation: Your skin perfectly mimics your
                  | surroundings (Stealth+++). [Jiyva's grace]
 54973 | Depths:2 | Gained mutation: Your pliable body absorbs attacks. (AC +2,
                  | EV +2) [Jiyva's grace]
 55017 | Depths:2 | Got the Folio of Generation
 55136 | Depths:2 | Found a blossoming altar of Fedhas.
 55206 | Depths:2 | Noticed a caustic shrike
 55214 | Depths:2 | Killed a caustic shrike
 55229 | Depths:2 | Identified the +8 scimitar "Trog's Righteous Fury" {vorpal,
                  | Drain rN++}
 55681 | Depths:3 | Noticed Parghit
 55698 | Depths:3 | Killed Parghit
 55777 | Depths:3 | Noticed a golden dragon
 55786 | Depths:3 | Noticed a golden dragon
 55795 | Depths:3 | Killed a golden dragon
 55797 | Depths:3 | Noticed Grunn
 55885 | Depths:3 | Reached skill level 23 in Dodging
 56438 | Slime:1  | Entered Level 1 of the Pits of Slime
 56473 | Slime:5  | Entered Level 5 of the Pits of Slime
 56492 | Slime:5  | Found a viscous altar of Jiyva.
 56495 | Slime:5  | Found the +9 heavy crossbow "Sniper" {vorpal, Acc+∞ SInv}
 56500 | Slime:5  | Got a slimy rune of Zot
 56502 | Slime:5  | Identified the +6 sling of Ru's Displeasure {venom, rElec}
 56504 | Slime:5  | Noticed the Royal Jelly
 56513 | Slime:5  | Got the Incunabulum of Venomous Combat Magic
 56516 | Slime:5  | Found the brooch of Shielding {Spirit SH+8}
 56524 | Slime:5  | Found the +8 longbow "Zephyr" {speed, Dex+3 SInv}
 57094 | D:5      | Found a burning altar of Makhleb.
 57104 | D:5      | Found a white marble altar of Elyvilon.
 57592 | D:10     | Killed lurch's ghost
 57785 | D:12     | Killed Ryse's ghost
 58011 | Lair:1   | Killed Querens's ghost
 58208 | Swamp:1  | Killed gabibbone's ghost
 58323 | Swamp:2  | Identified the +2 helmet of Tock {rC- rN+ Dex+4 Slay+5}
 58326 | Swamp:2  | Identified the ring of Jurohuc {Will++ rCorr Dex-5}
 58409 | Swamp:3  | Slain by Zero's ghost

Illustrated notes

Levels and vault maps discovered:
D:1:      psy_arrival_conway, layout_loops_cross, minivault_14,
          minmay_misc_feat_ornament, st_stairs_11
D:2:      layout_rooms, ebering_ecumenical_altar_abandoned,
          minmay_misc_feat_hallway
D:3:      layout_basic
D:4:      layout_rooms
D:5:      layout_basic, jmf_multi_god_temple2
D:6:      nicolae_cairo_tiling_large_dashed, layout_cave_pods,
          hangedman_decor_points, nrook_pool_corridor,
          minmay_fractal_squares_diagonal_5
D:7:      cheibrodos_statue_roulette, layout_gridville,
          mainiacjoe_overflow_chevrons, minmay_temple_entry_tees,
          enter_bailey_5, nicolae_shop_vocational
D:8:      layout_cave_pools, kennysheep_path_1
D:9:      layout_small_grid, roderic_batcave, minmay_shop_grid_forest,
          uniq_gastronok
D:10:     layout_roguey, gammafunk_ghost_arena, nicolae_shop_i_like_big_books
D:11:     layout_roguey, lair_entry_dummy, orc_0_dummy
D:12:     layout_rooms, ebering_ghost_xom, kb_rosetta
D:13:     layout_long_grid, grunt_vaults_entry_tiered, nicolae_diode_quadrants,
          uniq_sonja
D:14:     layout_irregular_city, gauntlet_entry_generic, grunt_gozag_breadcrumbs
D:15:     hangedman_depths_entry_try_elsewhere_first, layout_loops_ring,
          nicolae_elyvilon_temple_path, uniq_jorgrun
Temple:   hellmonk_temple_divided_pantheon
Lair:1:   layout_big_grid, gammafunk_ghost_hive, infiniplex_staircase_pool
Lair:2:   layout_chaotic_city, swamp_mist
Lair:3:   nzn_winding_woodlands_stair_trap [nzn_winding_woodlands_5x15_jagged,
          nzn_winding_woodlands_5x15_longhouse,
          nzn_winding_woodlands_5x15_concentric,
          nzn_winding_woodlands_15x15_boxy_spiral,
          nzn_winding_woodlands_5x15_default,
          nzn_winding_woodlands_5x15_split_checker,
          nzn_winding_woodlands_5x15_lazy_stream], layout_cave_pods,
          nicolae_spider_entry_tight_spaces, uniq_rupert
Lair:4:   layout_gridlike, serial_bayou_shore_a
Lair:5:   layout_regular_city, slime_entry_1, minmay_stone_trees_medium,
          serial_bayou_shore_b, lemuel_fruit_fields, serial_bayou_shore_b
Lair:6:   minmay_lair_end_frog_pond, layout_big_grid,
          nicolae_quartered_pool_medium, kennysheep_abandoned_house, uniq_kirke
Swamp:1:  layout_basic_swamp, gammafunk_ghost_abyssal_escape,
          evilmike_swamp_ruin_house_3
Swamp:2:  gammafunk_worm_tunnel, layout_basic_swamp,
          evilmike_swamp_ruin_house_6, swamp_pool2, nicolae_swamp_fairy_circle,
          infiniplex_staircase_pool_2
Swamp:3:  layout_basic_swamp, gammafunk_ghost_mausoleum,
          nicolae_swamp_small_spring, swamp_pool1, nicolae_swamp_dense_foliage
Swamp:4:  swamp_vile, layout_basic_swamp
Spider:1: layout_spider_delve, hellmonk_motheaten_closet
Spider:2: layout_spider_delve, uniq_mlioglotl, uniq_donald
Spider:3: gammafunk_boulding_lane, guppyfry_spider_mini_3, uniq_agnes
Spider:4: guppyfry_spider_rune, ebering_ghost_inner_flame, uniq_bai_suzhen,
          uniq_mara, uniq_louise
Slime:1:  layout_caves
Slime:2:  layout_caves, uniq_dissolution
Slime:3:  cheibrodos_slime_lost_civilization_9, layout_caves
Slime:4:  layout_caves, nicolae_slime_barrier
Slime:5
Orc:1:    layout_diamond_mine, portal_ice_cave_demonic_guard, serial_shops,
          shop, minmay_orc_temple_a
Orc:2:    st_orc_mages, layout_diamond_mine, serial_shops, shop, uniq_azrael,
          uniq_erolcha, uniq_nessos
Elf:1:    eino_elf_arrival_shootout, layout_geoelf_octagon, minmay_elf_sorcery,
          grunt_ministairs_7, minmay_shop_grove, uniq_aizul
Elf:2:    nicolae_elf_blades_splatter_lattice
          [nicolae_blade_entry_hurt_lockers], layout_geoelf_octagon,
          gammafunk_ghost_ooze, serial_shops, nicolae_lakefront_shop
Elf:3:    minmay_elf_hall_hex, layout_loops_corners, gammafunk_ghost_cemetery,
          drop_trap, st_stairs_1, serial_sigils_hangedman_scar,
          nicolae_elf_variegated_diamond
Vaults:1: hangedman_vaults_snaps, hangedman_vaults_cutoff, v_pattern_4,
          v_rooms_5, nicolae_vaults_holding_cells,
          nicolae_vaults_ninety_degrees, v_misc_30, v_misc_14,
          layout_vaults_big_room, serial_shops,
          nicolae_shop_bloodbath_and_beyond, uniq_asterion
Vaults:2: minmay_crypt_entry_nasty_monster, v_misc_12, v_pattern_5,
          grunt_vaults_hallway_long, vaults_mumra_hexcomb,
          nicolae_vaults_c_with_doors, nicolae_vaults_ring_of_whatevers,
          v_misc_3, vaults_mumra_minichess, v_misc_19, nicolae_vaults_theta,
          grunt_vaults_hallway_short, ontoclasm_vaults_claustrophobia,
          nicolae_vaults_yaktaur_gun_rack, layout_vaults_ring, uniq_frederick
Vaults:3: nicolae_vaults_circle_grid_b, ontoclasm_vaults_spin,
          hangedman_vaults_locks, vaults_room_hallway, ontoclasm_vaults_hangar,
          hangedman_vaults_slice, nicolae_vaults_windows_and_doors_thing,
          v_misc_24, vaults_room_fours, ontoclasm_vaults_twist,
          nicolae_vaults_rhombus_5, nicolae_vaults_little_squares_6,
          vaults_room_ringed_pool, vaults_room_pool, layout_vaults_omnibox
Vaults:4: v_misc_33, v_misc_1, vaults_room_stairs_pillars,
          hangedman_vaults_trim, vaults_dpeg_ring, vaults_room_semicircle,
          ontoclasm_vaults_idyll, layout_vaults_omnigrid
Depths:1: layout_basic, enter_ziggurat_a, pf_hell_entry_great_geh, special_room
          [special_room_mythical_zoo], chequers_serial_rivers_micro_e,
          grunt_ministairs_9, nrook_mini_backslash, serial_bayou_pond_d,
          nicolae_diode_basic, uniq_nikola
Depths:2: minmay_the_grid_triangle_9x9_line_8_mashed
          [minmay_the_grid_triangle_9x9_cache,
          minmay_the_grid_triangle_9x9_stretched_checkered,
          minmay_the_grid_triangle_9x9_limited_checkers,
          minmay_the_grid_triangle_9x9_shrine,
          minmay_the_grid_triangle_9x9_corruption,
          minmay_the_grid_triangle_9x9_intruding_spiral,
          minmay_the_grid_triangle_9x9_semitri,
          minmay_the_grid_triangle_9x9_prize_center], layout_basic,
          rand_demon_pan_entry_7, serial_hangedman_research,
          hangedman_research_convocations, hangedman_research_electronics,
          hangedman_research_pyrotechnics, hangedman_research_probablistics,
          hangedman_research_thermodynamics, hell_entry,
          kennysheep_big_empty_room, chequers_serial_rivers_large_a
Depths:3: grunt_arcs, layout_gridlike, yredelemnul_altar_generic,
          abyss_entry_glasseish, lightli_too_deep, uniq_parghit, uniq_grunn,
          uniq_xtahua

Skill      XL: |  1  2  3  4  5  6  7  8  9 10 11 12 13 14 15 16 17 18 19 20 21 22 |
---------------+-------------------------------------------------------------------+-----
Stealth        | 6 7 8 9 10 11 13 14 15 16 17 18 20 | 20.3
Short Blades   | 3 4 5 6 7 8 10 11 14 15 16 17 18 19 20 | 20.0
Throwing       | 3 4 5 6 7 8 9 10 | 10.0
Dodging        | 3 5 6 8 9 11 13 15 17 19 20 22 23 | 23.4
Fighting       | 2 3 4 5 6 8 9 10 11 12 13 14 15 16 17 | 17.1
Evocations     | 3 5 7 8 9 10 13 14 | 14.9
Shields        | 2 4 5 6 |  6.0
Spellcasting   | 4 5 6 7 8 |  8.0
Hexes          | 4 7 8 9 10 11 12 | 12.0
Summonings     | 1 2 |  2.7
Translocations | 2 4 5 8 |  8.0
Armour         | 2 4 6 |  6.0
Long Blades    | 4 9 11 | 11.6

Action                   |  1- 3 |  4- 6 |  7- 9 | 10-12 | 13-15 | 16-18 | 19-21 | 22-24 || total
-------------------------+-------+-------+-------+-------+-------+-------+-------+-------++-------
Melee: Dagger            |    69 |    30 |   105 |   148 |   232 |   442 |    79 |       ||  1105
       Punch             |       |     1 |     1 |     2 |       |       |       |       ||     4
       Scimitar          |       |       |       |   236 |   383 |   754 |   805 |       ||  2178
       Demon blade       |       |       |       |       |       |       |  1106 |   659 ||  1765
       Pseudopods        |       |       |       |       |       |       |    20 |   244 ||   264
 Fire: Sling             |       |     1 |       |       |       |       |       |       ||     1
Throw: Dart              |    36 |    28 |    65 |    74 |   109 |   172 |    32 |       ||   516
       Boomerang         |       |       |    29 |    27 |    22 |    57 |     8 |       ||   143
       Throwing net      |       |       |       |     1 |       |     9 |       |       ||    10
 Cast: Portal Projectile |       |       |       |       |       |     2 |       |       ||     2
       Summon Guardian G |       |       |       |       |       |    41 |    10 |       ||    51
       Cause Fear        |       |       |       |       |       |     2 |     7 |       ||     9
Evoke: Wand              |       |     7 |     9 |    28 |    75 |    54 |    32 |     3 ||   208
       Phantom mirror    |       |       |       |     2 |     4 |     5 |     3 |     2 ||    16
       Phial of floods   |       |       |       |       |       |     3 |     5 |       ||     8
       Lightning rod     |       |       |       |       |       |       |    10 |     3 ||    13
       Tin of tremorston |       |       |       |       |       |       |     2 |     4 ||     6
       Box of beasts     |       |       |       |       |       |       |     2 |     1 ||     3
  Use: Scroll            |       |     3 |     7 |    12 |    16 |    21 |    34 |    11 ||   104
       Potion            |       |       |     1 |     2 |     7 |    14 |    24 |     3 ||    51
 Stab: Sleeping          |    16 |     7 |    11 |    27 |    35 |    80 |    50 |    13 ||   239
       Distracted        |       |       |     2 |     2 |     9 |    28 |    23 |    17 ||    81
       Invisible         |       |       |       |     7 |    17 |    25 |       |     3 ||    52
       Paralysed         |       |       |       |     6 |    10 |     3 |     1 |       ||    20
       Held in net/web   |       |       |       |     2 |       |     8 |       |       ||    10
       Fleeing           |       |       |       |       |       |       |     2 |       ||     2
Armor: Robe              |     6 |     4 |    10 |     2 |       |       |       |       ||    22
       Steam dragon scal |       |       |       |    23 |    28 |       |       |       ||    51
       Acid dragon scale |       |       |       |       |       |   108 |    27 |       ||   135
       Storm dragon scal |       |       |       |       |       |       |   135 |    67 ||   202
Dodge: Dodged            |    45 |    16 |    51 |   196 |   306 |  1145 |  1480 |   464 ||  3703
Block: Other             |     6 |     5 |     9 |    20 |       |       |       |       ||    40
       Reflection        |       |       |     1 |       |       |    13 |    62 |     8 ||    84
       Buckler           |       |       |       |    95 |   273 |   912 |  1198 |   320 ||  2798

Table legend: (Time is in decaauts)
 A = Elapsed time spent in this place.
 B = Non-inter-level travel time spent in this place.
 C = Inter-level travel time spent in this place.
 D = Time resting spent in this place.
 E = Time spent auto-exploring this place.
 F = Levels seen in this place.
 G = Mean time per level.
                   A        B        C        D        E       F      G
               +--------+--------+--------+--------+--------+-----+--------+
         Total |  42719 |  39947 |   2772 |   9745 |  10738 |  50 |  854.4 |
       Dungeon |  10296 |   9262 |   1034 |   1436 |   3613 |  15 |  686.4 |
        Temple |     26 |     26 |      0 |      0 |      0 |   1 |   26.0 |
          Lair |   6633 |   5974 |    659 |   1563 |   2065 |   6 | 1105.5 |
         Swamp |   5503 |   5167 |    336 |   2025 |    792 |   4 | 1375.8 |
   Spider Nest |   5832 |   5607 |    225 |   1764 |    891 |   4 | 1458.0 |
    Slime Pits |    107 |    107 |      0 |      0 |      0 |   5 |   21.4 |
  Orcish Mines |   1713 |   1621 |     92 |    447 |    336 |   2 |  856.5 |
   Elven Halls |   5789 |   5626 |    163 |   2263 |    488 |   3 | 1929.7 |
        Vaults |   3506 |   3282 |    224 |     64 |   1535 |   4 |  876.5 |
        Depths |   2061 |   2024 |     37 |    109 |    976 |   3 |  687.0 |
        Bailey |    517 |    517 |      0 |     72 |     18 |   1 |  517.0 |
      Ice Cave |    491 |    491 |      0 |      0 |     19 |   1 |  491.0 |
      Gauntlet |    240 |    240 |      0 |      0 |      0 |   1 |  240.0 |
               +--------+--------+--------+--------+--------+-----+--------+

Top non-repeatable levels by time:
   Elf:3: 2913 daAuts
Spider:3: 2156 daAuts
  Lair:3: 1875 daAuts
 Swamp:3: 1708 daAuts
   Elf:2: 1636 daAuts
  Lair:5: 1628 daAuts
 Swamp:4: 1534 daAuts
Spider:1: 1527 daAuts
Spider:4: 1371 daAuts
 Swamp:2: 1260 daAuts
   Elf:1: 1238 daAuts
    D:13: 1164 daAuts
Vaults:3: 1024 daAuts
Vaults:2: 1017 daAuts
 Swamp:1: 999 daAuts
